 Dungeon Crawl Stone Soup version 0.31.0-32-g396128a36d (webtiles) character file.

Game seed: 16904261060234446585

9101 Gabide the Spear-Bearer (level 11, -3/80 HPs)
             Began as a Human Monk on Apr 10, 2024.
             Was a Priest of Hepliaklqana.
             Slain by a yak (12 damage)
             ... on level 10 of the Dungeon.
             The game lasted 00:27:12 (12202 turns).

Gabide the Spear-Bearer (Human Monk)               Turns: 12202, Time: 00:27:12

Health: -3/80      AC: 11    Str: 16    XL:     11   Next: 41%
Magic:  0/15       EV: 15    Int: 11    God:    Hepliaklqana [***...]
Gold:   504        SH:  8    Dex: 15    Spells: 10/10 levels left

rFire   + . .        a - +1 spear (venom)
rCold   . . .        B - +3 warlock's mirror {omnireflect}
rNeg    + . .        n - +2 robe {Will+}
rPois   .            (no helmet)
rElec   .            e - +2 cloak
rCorr   .            D - +2 pair of gloves
SInv    .            i - +0 pair of boots
Will    +....        w - amulet of guardian spirit
Stlth   +            I - ring of protection from fire
HPRegen 0.33/turn    F - ring of positive energy
MPRegen 0.14/turn

%: reflection, guardian spirit
@: studying Fighting
A: reduced essence, explore regen
a: Renounce Religion, Recall Ancestor, Ancestor Identity, Transference


You were on level 10 of the Dungeon.
You worshipped Hepliaklqana.
Hepliaklqana was most pleased with you.
You visited 2 branches of the dungeon, and saw 11 of its levels.
You also visited: Ossuary and Bailey.

You collected 504 gold pieces.

Inventory:

Hand Weapons
 a - a +1 spear of venom (weapon)
 N - a +0 bardiche
 O - a +0 trident
Missiles
 r - 9 boomerangs (quivered)
 z - 5 throwing nets
Armour
 b - a +2 robe of positive energy
 d - an orb of light
 e - a +2 cloak (worn)
 i - a +0 pair of boots (worn)
 n - a +2 robe of willpower (worn)
 B - the +3 warlock's mirror (worn) {omnireflect}
   (You acquired it on level 7 of the Dungeon)

   Omnireflect: It can block and reflect piercing ranged attacks and magical
   attacks against the wielder's willpower.
 D - a +2 pair of gloves (worn)
 P - a +4 ring mail
 Q - a +4 chain mail
 R - a +0 scale mail of fire resistance
Jewellery
 j - a ring of see invisible
 v - a ring of fire
 w - an amulet of guardian spirit (around neck)
 y - an amulet of the acrobat
 F - a ring of positive energy (right hand)
 I - a ring of protection from fire (left hand)
 L - a +6 ring of strength
Wands
 g - a wand of flame (46)
 C - a wand of paralysis (25)
 E - a wand of mindburst (10)
 K - a wand of polymorph (4)
Scrolls
 k - 5 scrolls of teleportation
 l - 3 scrolls of amnesia
 m - a scroll of torment
 G - a scroll of immolation
 H - a scroll of identify
 J - a scroll of fog
Potions
 c - a potion of ambrosia
 f - 3 potions of curing
 h - 5 potions of enlightenment
 o - 5 potions of lignification
 q - 2 potions of might
 s - a potion of haste
 t - 3 potions of attraction
 u - a potion of mutation
 A - a potion of magic {unknown}
Miscellaneous
 M - a phantom mirror (inert)


   Skills:
 + Level 9.6 Fighting
 - Level 12.0 Polearms
 - Level 3.0 Armour
 + Level 8.0 Dodging
 + Level 4.8 Shields
 + Level 5.7 Invocations


You had 10 spell levels left.
You didn't know any spells.
Your spell library contained the following spells:

 Spells                   Type           Power      Damage    Failure   Level
 Magic Dart               Conj           0%         1d3       41%         1
 Blink                    Tloc           0%         N/A       56%         2
 Call Imp                 Summ           0%         N/A       56%         2
 Dazzling Flash           Conj/Hex       0%         N/A       80%         3
 Hailstorm                Conj/Ice       0%         3d5       80%         3
 Mephitic Cloud           Conj/Alch/Air  0%         N/A       80%         3
 Summon Ice Beast         Ice/Summ       0%         N/A       80%         3
 Volatile Blastmotes      Fire/Tloc      0%         2d10      80%         3
 Curse of Agony           Necr           0%         N/A       100%        5
 Silence                  Hex/Air        0%         N/A       100%        5
 Sculpt Simulacrum        Ice/Alch       0%         N/A       100%        6
 Starburst                Conj/Fire      0%         6d3       100%        6
 Maxwell's Capacitive Co  Air            0%         ∞         100%        8


Dungeon Overview and Level Annotations

Branches:
Dungeon (10/15)            Temple (1/1) D:7         Ossuary (visited)
 Bailey (visited)
   Lair: D:8-11         Orc: D:9-12

Altars:
Ashenzari
Cheibriados
Dithmenos
Elyvilon
Fedhas
Gozag
Hepliaklqana
Kikubaaqudgha
Makhleb
Nemelex Xobeh
Okawaru
Qazlal
Ru
Sif Muna
Trog
Uskayaw
Vehumet
Wu Jian
Xom
Yredelemnul
Zin
The Shining One

Annotations:
D:3 ZingZang1235's ghost, amateur TrFi
D:8 2 transporters, tauben's ghost, novice DrCj


Innate Abilities, Weirdness & Mutations

Your life essence is reduced to manifest your ancestor. (-10% HP)
You regain HP and MP as you explore.


Message History

Fikile blocks the yak's attack.
The yak gores you.
Unknown command.
Unknown command.
Fikile hits the yak with a +0 flail.
The yak gores Fikile but does no damage.
The yak attacks as it pursues you! The yak closely misses you. x2
You hit the yak but do no damage.
The yak looks as sick as possible!
The yak is heavily wounded.
Fikile hits the yak with a +0 flail!
The yak gores Fikile but does no damage.
You hit the yak.
The yak is severely wounded.
The yak barely misses you.
Fikile blocks the yak's attack.
You feel better. You block the yak's attack.
The yak gores Fikile.
The yak gores you! The yak gores you.
Fikile hits the yak but does no damage.
Fikile hits the yak with a +0 flail!
You puncture the yak!
You kill the yak!
The yak gores you!
* * * LOW HITPOINT WARNING * * *
Fikile blocks the yak's attack.
The yak closely misses you. The yak barely misses you.
Fikile hits the yak with a +0 flail!
Fikile closely misses the yak.
The yak gores Fikile!
The yak gores Fikile but does no damage.
The yak attacks as it pursues you! The yak misses you.
The yak attacks as it pursues you! The yak gores you.
* * * LOW HITPOINT WARNING * * *
The yak gores Fikile!
Fikile barely misses the yak.
Fikile closely misses the yak.
The yak attacks as it pursues you! The yak gores you!
* * * LOW HITPOINT WARNING * * *
The yak snorts and paws the ground.
The yak gores Fikile!
As you read the scroll of fear, it crumbles to dust.
You assume a fearsome visage.
The yak looks frightened!
The yak easily resists.
The yak looks frightened! x6
Fikile shimmers and vanishes!
The yak gores you!
You die...

...#.#)....................
........<...................
.............................
..[..........................
.............................
.............................
.................Y.Y.........
................YYY..........
.####≈≈≈§≈####.@YY.YR........
#....†††....#........†.....W
#.#########.#....../........
# #...............
#...........$...
#...............
#...........#...
#...............
#.........#._.#.


You could see the friendly Fikile the knight and 8 yaks.

Vanquished Creatures
  Pikel (D:7)
  Maurice (D:7)
  A troll (D:8)
  Sigmund (D:2)
  9 yaks
  Menkaure (D:7)
  2 hell hounds (D:10)
  A water moccasin (D:7)
  2 orc warriors
  An ice beast (D:5)
  A black bear (D:7)
  3 wolves (Bailey)
  The ghost of GraGrag the Insei, an amateur GnSh (D:4)
  3 centaurs
  A lemure (D:7)
  2 kobold brigands (D:9)
  3 phantoms
  4 bullfrogs
  8 gnoll sergeants
  2 scorpions
  3 killer bees (D:9)
  6 bullfrog zombies (Ossuary)
  6 hounds
  Crazy Yiuf (D:2)
  3 bombardier beetles
  3 jellies
  An orc priest (D:6)
  6 gnoll boudas (Bailey)
  2 iguanas
  3 mummies (Ossuary)
  Terence (D:2)
  Natasha (thrice) (D:3)
  6 orc wizards
  2 sleepcaps (D:5)
  A killer bee zombie (Ossuary)
  3 crocodile zombies (Ossuary)
  3 hound zombies (Ossuary)
  8 howler monkey zombies (Ossuary)
  10 adders
  13 gnolls
  2 shadow imps (D:7)
  3 white imps
  4 dart slugs
  2 ribbon worms
  27 orcs
  14 ball pythons
  4 bats
  4 endoplasms
  3 giant cockroaches
  10 goblins
  10 hobgoblins
  8 jackals
  7 quokkas
  6 ball python zombies (Ossuary)
  4 frilled lizards
  16 kobolds
  5 rats
261 creatures vanquished.

Vanquished Creatures (collateral kills)
  2 two-headed ogres
  The ghost of nitefall the Magician, a novice DjCj (D:7)
  2 yaks (D:9)
  A hell hound (D:10)
  3 gnoll sergeants
  An iguana (D:7)
  7 gnolls
  6 orcs
  A goblin (D:9)
  3 kobolds
27 creatures vanquished.

Vanquished Creatures (others)
  4 knights
4 creatures vanquished.

Grand Total: 292 creatures vanquished

Notes
Turn   | Place    | Note
-------+----------+-------------------------------------------
     0 | D:1      | Gabide the Human Monk began the quest for the Orb.
     0 | D:1      | Reached XP level 1. HP: 18/18 MP: 1/1
   171 | D:1      | Reached XP level 2. HP: 24/24 MP: 2/2
   578 | D:1      | Reached XP level 3. HP: 29/29 MP: 3/3
   857 | D:2      | Noticed Sigmund
   877 | D:2      | Killed Sigmund
   878 | D:2      | Reached skill level 4 in Polearms
   878 | D:2      | Reached XP level 4. HP: 16/37 MP: 4/4
   878 | D:2      | Reached XP level 5. HP: 19/42 MP: 5/5
   978 | D:2      | Reached skill level 5 in Polearms
  1079 | D:2      | Found a runed translucent door.
  1080 | D:2      | Noticed Crazy Yiuf
  1120 | D:2      | Noticed Terence
  1150 | D:2      | Killed Terence
  1151 | D:2      | Reached XP level 6. HP: 11/48 MP: 6/6
  1778 | D:2      | Killed Crazy Yiuf
  1922 | D:3      | Found a transporter.
  1924 | D:3      | Found a transporter.
  1924 | D:3      | Noticed ZingZang1235's ghost (amateur TrFi)
  1970 | D:3      | Found a white marble altar of Elyvilon.
  2427 | D:3      | Noticed Natasha
  2444 | D:3      | Killed Natasha
  2462 | D:3      | Noticed Natasha
  2481 | D:3      | Killed Natasha
  2819 | D:3      | Noticed Natasha
  2827 | D:3      | Killed Natasha
  2828 | D:3      | Reached XP level 7. HP: 50/55 MP: 7/7
  3081 | D:4      | Reached skill level 6 in Polearms
  3368 | D:4      | Found a runed translucent door.
  3368 | D:4      | Noticed GraGrag's ghost (amateur GnSh)
  3436 | D:4      | Killed GraGrag's ghost
  3605 | D:4      | Reached skill level 5 in Dodging
  3997 | D:4      | Reached skill level 5 in Fighting
  4155 | D:4      | Found an opulent altar of Gozag.
  4388 | D:4      | Found a shadowy altar of Dithmenos.
  4451 | D:4      | Found a hide-covered altar of Uskayaw.
  4886 | D:5      | Entered Level 5 of the Dungeon
  4899 | D:5      | Reached XP level 8. HP: 62/62 MP: 8/8
  4980 | D:5      | Found a stormy altar of Qazlal.
  5065 | D:5      | Reached skill level 7 in Polearms
  5286 | D:5      | Found a glowing silver altar of Zin.
  5430 | D:5      | Found a sand-covered staircase.
  5457 | Ossuary  | Entered an ossuary
  5748 | Ossuary  | Reached skill level 8 in Polearms
  5760 | Ossuary  | Identified a scroll of acquirement
  5760 | Ossuary  | Acquired a manual of Fighting
  6169 | Ossuary  | Reached XP level 9. HP: 62/69 MP: 9/9
  6593 | D:6      | Reached skill level 9 in Polearms
  6938 | D:6      | Found an ornate altar of the Wu Jian Council.
  7504 | D:7      | Reached skill level 10 in Polearms
  7540 | D:7      | Found a staircase to the Ecumenical Temple.
  7600 | Temple   | Entered the Ecumenical Temple
  7659 | Temple   | Became a worshipper of Hepliaklqana the Forgotten
  7659 | Temple   | Reached * piety under Hepliaklqana
  7659 | Temple   | Reached ** piety under Hepliaklqana
  7660 | Temple   | Remembered your ancestor Fikile as a knight
  7856 | D:7      | Found a runed translucent door.
  8107 | D:7      | Noticed Pikel
  8130 | D:7      | Killed Pikel
  8131 | D:7      | Reached skill level 11 in Polearms
  8248 | D:7      | Noticed Maurice
  8268 | D:7      | Killed Maurice
  8269 | D:7      | Reached skill level 12 in Polearms
  8269 | D:7      | Reached XP level 10. HP: 68/68 MP: 10/10
  8485 | D:7      | Noticed Menkaure
  8491 | D:7      | Killed Menkaure
  8492 | D:7      | Reached skill level 1 in Armour
  8492 | D:7      | Reached skill level 1 in Invocations
  8553 | D:7      | Acquired the +3 warlock's mirror {omnireflect}
  8553 | D:7      | Found the +3 warlock's mirror {omnireflect}
  8911 | D:7      | Noticed nitefall's ghost (novice DjCj)
  8929 | D:7      | Killed nitefall's ghost
  9093 | D:8      | Found a transporter.
  9094 | D:8      | Noticed tauben's ghost (novice DrCj)
  9095 | D:8      | Found a transporter.
  9156 | D:8      | Reached skill level 1 in Shields
  9319 | D:8      | Found a broken altar of Ashenzari.
  9549 | D:8      | Noticed a two-headed ogre
  9562 | D:8      | Killed a two-headed ogre
  9688 | D:8      | Identified the +7 mace of Akequet {freeze, *Rage rC-
                  | Will+++ Stlth+}
  9979 | D:9      | Reached *** piety under Hepliaklqana
 10319 | D:8      | HP: 2/72 [yak (10)]
 10568 | D:9      | Found a flagged portal.
 10577 | Bailey   | Entered a bailey
 10850 | Bailey   | Reached XP level 11. HP: 78/78 MP: 14/14
 11161 | Bailey   | Reached skill level 5 in Invocations
 11666 | D:9      | Found a sacrificial altar of Ru.
 11756 | D:9      | Found a snail-covered altar of Cheibriados.
 12029 | D:10     | Entered Level 10 of the Dungeon
 12029 | D:10     | Noticed a two-headed ogre
 12029 | D:10     | Found a shimmering blue altar of Sif Muna.
 12038 | D:10     | Killed a two-headed ogre
 12163 | D:10     | Found a radiant altar of Vehumet.
 12202 | D:10     | Slain by a yak

Illustrated notes

Levels and vault maps discovered:
D:1:      ebering_trefoil_3fold, layout_rooms, serial_forest,
          infiniplex_forest_clump_C, infiniplex_forest_lined_room_2,
          infiniplex_forest_zigzag_1, infiniplex_forest_clump_diagonal,
          infiniplex_forest_end_2, infiniplex_forest_clump_curved,
          infiniplex_forest_straight_2, infiniplex_forest_straight_3,
          minivault_23
D:2:      layout_loops_ring, uniq_sigmund, uniq_terence, uniq_crazy_yiuf_cottage
D:3:      layout_basic, mainiacjoe_overflow_chevrons, gammafunk_ghost_arena,
          uniq_natasha
D:4:      layout_basic, mainiacjoe_overflow_boulevard, kennysheep_mini_moat,
          nicolae_gozag_cash_rules_everything_around_me,
          hellmonk_ghost_happy_afterlife
D:5:      layout_rooms, old_standard_altar,
          mainiacjoe_overflow_concentric_impassable, gup_sewer_entry_pipe,
          lightli_ossuary_entry_decrepit_ruins
D:6:      layout_rooms, pdpol_wu_jian_five_deadly_venoms
D:7:      layout_basic, minmay_temple_entry_glass, gammafunk_ghost_grave,
          uniq_menkaure, uniq_maurice, uniq_pikel
D:8:      layout_rooms, nicolae_ashenzari_skybound, gammafunk_ghost_smash,
          serial_corexii_hall, chequers_hall_statues_y, corexii_hall_statues_t,
          corexii_hall_statues_s, hangedman_decor_lopped,
          corexii_leaking_fountain, item_on_display_a
D:9:      layout_cross, kennysheep_mini, mainiacjoe_overflow_surrounded_room,
          enter_bailey_5
D:10:     layout_layer_cave, vehumet_altar_wand_db, lemuel_crystal_altar,
          minmay_orc_entry_guard_dogs, minmay_rotating_lava
Temple:   jpeg_temple_alley_garden

Skill      XL: |  1  2  3  4  5  6  7  8  9 10 11 |
---------------+----------------------------------+-----
Fighting       | 4 5 6 8 9 |  9.6
Polearms       | 4 5 6 8 12 | 12.0
Dodging        | 4 5 6 7 8 |  8.0
Armour         | 3 |  3.0
Invocations    | 4 5 |  5.7
Shields        | 3 4 |  4.8

Action                     |  1- 3 |  4- 6 |  7- 9 | 10-12 || total
---------------------------+-------+-------+-------+-------++-------
  Melee: Spear             |   112 |   236 |   885 |   471 ||  1704
  Throw: Boomerang         |       |       |    12 |    21 ||    33
 Invoke: Ancestor Life: Kn |       |       |     1 |       ||     1
         Ancestor Identity |       |       |       |     1 ||     1
  Evoke: Phantom mirror    |       |       |       |     1 ||     1
    Use: Scroll            |     3 |     4 |    13 |     9 ||    29
         Potion            |     1 |     2 |     3 |     5 ||    11
   Stab: Distracted        |       |       |     4 |     1 ||     5
 Armour: Leather armour    |    42 |       |       |       ||    42
         Robe              |       |    97 |   272 |   151 ||   520
         Skin              |       |    31 |       |       ||    31
  Dodge: Dodged            |    59 |   132 |   356 |   167 ||   714
  Block: Buckler           |       |       |       |   115 ||   115
         Reflection        |       |       |       |     8 ||     8
